Map: Battle on the Boardwalk LE

Players

akira - Winner!

  • Race: Protoss Protoss
  • League: Grandmaster
  • Spawn Location: 1:00

A.I. 1 (Elite)

  • Race: Protoss Protoss
  • Spawn Location: 11:00

VOD

Have the link to the VOD?

Description

Time

  • Played on: Nov. 22, 2017, 3:01 a.m.
  • Length: 4:13
Show
View Real Time Build Order
Export as new Build Order

akira Protoss - Winner!

Build Orders: Mass Adepts 

Get SALT Encoding   

  12  0:01  Probe  
  13  0:13  Pylon  
  13  0:17  Probe  
  14  0:31  Gateway  
  14  0:34  Probe  
  15  0:46  Probe  
  15  0:47  Assimilator  
  16  0:58  Probe  
  16  0:59  Gateway  
  17  1:10  Probe  
  18  1:18  Cybernetics Core  
  18  1:22  Probe  
  19  1:30  Pylon  
  19  1:35  Probe  
  20  1:55  Warp Gate (Chrono Boost), Adept  
  20  1:56  Adept  
  24  2:04  Gateway  
  24  2:14  Pylon  
  24  2:23  Adept x2  
  28  2:32  Gateway  
  28  2:46  Pylon  
  28  2:50  Adept x2  
  32  2:53  Adept  
  34  3:28  Adept x4  
  34  3:33  Pylon  
  38  3:53  Adept x4  
Show
View Real Time Build Order
Export as new Build Order

A.I. 1 (Elite) Protoss 

Build Orders:  

Get SALT Encoding   

  12  0:00  Probe  
  13  0:13  Probe  
  14  0:19  Pylon  
  14  0:25  Probe  
  15  0:37  Probe  
  15  0:39  Gateway  
  16  0:47  Assimilator  
  16  0:49  Probe  
  17  1:00  Pylon  
  17  1:01  Probe  
  18  1:13  Probe  
  19  1:25  Probe  
  19  1:28  Zealot  
  19  1:29  Cybernetics Core  
  22  1:38  Probe  
  23  1:41  Gateway  
  23  1:50  Probe  
  24  1:55  Pylon  
  24  2:02  Probe, Zealot  
  27  2:08  Warp Gate  
  27  2:14  Probe  
  28  2:26  Probe  
  28  2:28  Adept  
  28  2:29  Adept  
  32  2:38  Probe  
  32  2:39  Gateway  
  33  2:47  Gateway  
  33  2:56  Adept x2  
  37  3:04  Pylon  
  38  3:05  Probe  
  38  3:21  Probe  
  38  3:23  Adept x2  
  38  3:25  Adept  
  44  3:34  Adept  
  42  3:41  Pylon  
Tags
 
Add a new tag
Caveats
  • Supply blocks, unpowered buildings, or Contaminate may cause inaccurate times.
  • Supply counts are checked every 10 seconds.